 Dungeon Crawl Stone Soup version 0.18.1-8-gdd0e5ea (webtiles) character file.

63 sugabear the Poker (level 4, -9/23 HPs)
             Began as a Vine Stalker Gladiator on June 11, 2016.
             Was a Follower of Elyvilon.
             Killed by divine providence
             ... invoked by an orc priest
              (12 damage)
             ... on level 3 of the Dungeon.
             The game lasted 00:01:57 (1475 turns).

sugabear the Poker (Vine Stalker Gladiator)         Turns: 1475, Time: 00:01:57

Health: -9/23      AC:  6    Str: 19    XL:     4   Next: 9%
Magic:  0/5        EV: 12    Int:  8    God:    Elyvilon [*.....]
Gold:   122        SH:  0    Dex: 14    Spells: 0 memorised, 3 levels left

rFire  . . .     SeeInvis +     a - +0 trident
rCold  . . .     Gourm    .     h - +0 ring mail
rNeg   . . .     Faith    .     (no shield)
rPois  .         Spirit   +     c - +0 helmet
rElec  .         Dismiss  .     (no cloak)
rCorr  .         Reflect  .     (no gloves)
SustAt .         Harm     .     (no boots)
MR     .....                    (no amulet)
Stlth  +.........               (no ring)
                                g - ring of see invisible

@: not resistant to hostile enchantments, very unstealthy
A: fangs 2, regeneration 1, magic shield, antimagic bite, no device heal 3, rot
immunity
a: Lesser Healing, Divine Protection, Renounce Religion


You were on level 3 of the Dungeon.
You worshipped Elyvilon.
Elyvilon was aware of your devotion.
You were not hungry.

You visited 1 branch of the dungeon, and saw 3 of its levels.

You collected 122 gold pieces.

Inventory:

Hand Weapons
 a - a +0 trident (weapon)
Missiles
 d - 3 throwing nets (quivered)
Armour
 b - a +0 leather armour
 c - a +0 helmet (worn)
 h - a +0 ring mail (worn)
Jewellery
 g - a ring of see invisible (left hand)
Scrolls
 e - a scroll of enchant armour {unknown}
 i - a scroll of magic mapping {unknown}
 j - 8 scrolls of noise {unknown}
 l - a scroll of recharging {unknown}
 n - 2 scrolls of fear {unknown}
 o - a scroll of identify {unknown}
 q - 2 scrolls of teleportation {unknown}
 w - 2 scrolls of remove curse {unknown}
Potions
 k - a potion of heal wounds {unknown}
 m - a potion of flight {unknown}
 p - a potion of mutation {unknown}
 r - a potion of cure mutation {unknown}
 s - a potion of ambrosia {unknown}
 t - a potion of haste {unknown}
Comestibles
 f - 2 bread rations
 u - 5 chunks of flesh
 v - 2 meat rations


   Skills:
 + Level 2.1 Fighting
 + Level 3.1 Polearms
 + Level 2.1 Throwing
 + Level 0.2 Armour
 + Level 3.0 Dodging
 + Level 0.3 Stealth
 * Level 0.8 Invocations


You had 3 spell levels left.
You didn't know any spells.

Dungeon Overview and Level Annotations

Branches:
Dungeon (3/15)

Altars:
Elyvilon


Innate Abilities, Weirdness & Mutations

You have extremely sharp teeth.
Your natural rate of healing is unusually fast.
When hurt, damage is shared between your health and your magic reserves.
Your bite disrupts and absorbs the magic of your enemies.
Potions and wands cannot restore your health.
You are immune to rotting.


Message History

You kill the orc!
An orc priest comes into view. It is wielding a dagger.
Things that are here:
a war axe; an orc corpse You closely miss the orc priest.
The orc priest shouts!
The orc priest mumbles some strange prayers to Beogh against you.
Pain shoots through your body!
Ouch! That really hurt!
* * * LOW HITPOINT WARNING * * *
You are too injured to fight recklessly!
You are too injured to fight recklessly!
You are too injured to fight recklessly!
Unknown command.
You hit the orc priest but do no damage.
Your bite misses the orc priest.
The orc priest invokes the aid of Beogh against you.
Beogh smites you!
Ouch! That really hurt!
You die...

.. ..... #.....
#.....##########
#..............# ##
#..............# .##
#.
#........?....o###.##.
... #.##
#...........†.@..o....
o< ...
#..............##..###
#.#.. #......)...((..#
.## #..<.
####.#.........##.#
#....!...
#.........(.#..#
#....##..
##..########..# ####
### ##! ##..## #.
#..## ## #.## #


You could see 2 orc priests.

Vanquished Creatures
  An adder (D:2)
  A worm (D:2)
  2 dart slugs
  2 giant geckos (D:1)
  4 orcs (D:3)
  4 bats
  A giant cockroach (D:1)
  12 goblins
  2 jackals (D:1)
  3 kobolds (D:3)
  2 quokkas
  A ball python (D:3)
  2 rats (D:1)
37 creatures vanquished.

Vanquished Creatures (others)
  A quokka (D:2)
1 creature vanquished.

Grand Total: 38 creatures vanquished

Notes
Turn   | Place    | Note
--------------------------------------------------------------
     0 | D:1      | sugabear the Vine Stalker Gladiator began the quest for the Orb.
     0 | D:1      | Reached XP level 1. HP: 11/11 MP: 2/2
   340 | D:1      | Reached XP level 2. HP: 15/15 MP: 3/3
   715 | D:2      | Reached XP level 3. HP: 18/18 MP: 4/4
   782 | D:2      | Found a white marble altar of Elyvilon.
   840 | D:2      | Became a worshipper of Elyvilon the Healer
  1416 | D:3      | Reached XP level 4. HP: 19/23 MP: 5/5
  1451 | D:3      | Reached * piety under Elyvilon
  1475 | D:3      | Killed from afar by an orc priest

Skill      XL: |  1  2  3 |
---------------+----------+-----
Fighting       | 2 |  2.1
Throwing       | 2 |  2.1
Polearms       | 3 |  3.1
Dodging        | 3 |  3.0
Armour         | |  0.2
Stealth        | |  0.3
Invocations    | |  0.8

Action                   |  1- 3 |  4- 6 || total
-------------------------+-------+-------++-------
Melee: Trident           |    80 |    15 ||    95
       Bite              |    20 |     4 ||    24
  Eat: Chunk             |     1 |     1 ||     2
Armor: Leather armour    |     1 |       ||     1
       Ring mail         |    13 |     2 ||    15
Dodge: Dodged            |    24 |     7 ||    31
